 Dungeon Crawl Stone Soup version 0.21-a0-67-g3f13d09 (webtiles) character file.

21 Gorglomux the Stinger (level 2, 22/22 HPs)
             Began as a Naga Venom Mage on June 17, 2017.
             Quit the game on level 1 of the Dungeon.
             The game lasted 00:01:27 (1276 turns).

Gorglomux the Stinger (Naga Venom Mage)             Turns: 1276, Time: 00:01:27

Health: 22/22      AC:  1    Str: 10    XL:     2   Next: 83%
Magic:  5/5        EV: 10    Int: 15    God:
Gold:   3          SH:  0    Dex: 11    Spells: 2/5 levels left

rFire    . . .     SeeInvis +   d - +0 dagger
rCold    . . .     Gourm    .   (no shield)
rNeg     . . .     Faith    .   a - +0 robe
rPois    +         Spirit   .   (no helmet)
rElec    .         Reflect  .   (no cloak)
rCorr    .         Harm     .   (no gloves)
MR       .....                  (no barding)
Stlth    ++........             (no amulet)
HPRegen  0.07/turn              (no ring)
MPRegen  0.09/turn              (no ring)

@: very slow
A: see invisible, deformed body, poison resistance, slowness 2, slow metabolism
1, spit poison 1, AC +0
a: Spit Poison


You were on level 1 of the Dungeon.
You were hungry.

You visited 1 branch of the dungeon, and saw 2 of its levels.

You collected 3 gold pieces.

Inventory:

Hand Weapons
 d - a +0 dagger (weapon)
   (You found it on level 1 of the Dungeon)
Armour
 a - a +0 robe (worn)
Scrolls
 h - 2 scrolls of identify {unknown}
Potions
 e - a potion of curing {unknown}
 f - 2 potions of haste {unknown}
Books
 b - a Young Poisoner's Handbook
Comestibles
 c - 2 bread rations {@e1@e1}
 g - a royal jelly
 i - a meat ration {@e2@e2}


   Skills:
 - Level 1.5 Dodging
 + Level 3.7 Stealth
 + Level 2.1 Spellcasting
 + Level 1.9 Conjurations
 + Level 4.2 Poison Magic


You had 2 spell levels left.
You knew the following spells:

 Your Spells              Type           Power        Failure   Level  Hunger
a - Sting                 Conj/Pois      ##..         6%          1    #......
b - Poisonous Vapours     Pois/Air       #.....       14%         2    ###....


Dungeon Overview and Level Annotations

Branches:
Dungeon (2/15)

Altars:


Innate Abilities, Weirdness & Mutations

You cannot wear boots.
Your serpentine skin is tough. (AC +0)
You have supernaturally acute eyesight. (SInv)
Armour fits poorly on your strangely shaped body.
Your system is resistant to poisons. (rPois)
You cover ground very slowly.
You have a slow metabolism.
You can spit poison.


Message History

You kill the jackal!
You now have 0/5 mp.
You are not religious.
You start resting.
Your magical contamination has completely faded away.
You start resting.
You start waiting.
Done waiting.
Health restored: 22; MP restored: 5
Found an escape hatch in the floor.
Unknown command.
h - a scroll labeled WUYMEKHL EPIOH A bat comes into view.
Unknown command.
A bat is nearby!
Unknown command.
A bat is nearby!
The bat completely misses you.
Aim: a bat The sting hits the bat.
The bat barely misses you.
You now have 4/5 mp.
Aim: a bat (heavily wounded)
The sting hits the bat.
You kill the bat!
You now have 3/5 mp.
You can't see any susceptible monsters within range! (Use Z to cast anyway.) Unknown command.
You start resting.
MP restored: 5
i - a meat ration {@e2@e2} You now have 3 gold pieces.
h - 2 scrolls labeled WUYMEKHL EPIOH (gained 1)
A dart slug comes into view.
The dart slug bites you but does no damage.
A dart slug is nearby!
A dart slug is nearby!
Unknown command.
A dart slug is nearby!
Aim: a dart slug (clinging)
The sting hits the dart slug.
The dart slug is poisoned.
You now have 4/5 mp.
Aim: a dart slug (heavily wounded, poisoned, clinging)
The sting hits the dart slug.
The dart slug appears unharmed.
You now have 3/5 mp.
Aim: a dart slug (severely wounded, poisoned, clinging)
The sting hits the dart slug.
You kill the dart slug!
You now have 2/5 mp.
Found a stone staircase leading down.
MP restored: 5
There is a stone staircase leading down here.
You are feeling hungry.
A leopard gecko comes into view.
The leopard gecko hisses angrily.
A leopard gecko is nearby!
Aim: a leopard gecko (clinging)
You miscast Sting.
You are very lightly contaminated with residual magic.
You feel odd. The leopard gecko closely misses you.
You now have 4/5 mp.
Aim: a leopard gecko (clinging)
The sting hits the leopard gecko.
The leopard gecko is poisoned.
The leopard gecko barely misses you.
You now have 3/5 mp.
Aim: a leopard gecko (almost dead, poisoned, clinging)
The sting hits the leopard gecko.
You kill the leopard gecko!
You now have 2/5 mp.
Your magical contamination has completely faded away.
You start resting.
MP restored: 5 You can't go down here!
(D) Dungeon
Where to? (Enter - D:1 @ (x,y), ? - help)
There is a stone staircase leading down here.
You climb downwards.
A rat and 4 jackals come into view.
There is a stone staircase leading up here.
Aim: a rat (resting)
The sting hits the rat.
The rat is poisoned.
You kill the rat!
The jackal barks!
You now have 4/5 mp.
Aim: a jackal The sting misses the jackal. x2
The jackal barks! x2
A giant cockroach comes into view.
You now have 3/5 mp.
Aim: a jackal The sting hits the jackal.
The jackal is poisoned.
The jackal barely misses you.
You now have 2/5 mp.
You kill the jackal!
You climb upwards.
There is a stone staircase leading down here.
You start resting.
MP restored: 5 Unknown command.
Saving game... please wait.
Welcome back, Gorglomux the Naga Venom Mage.

...#†#.#..####.# #.#
...............###.#
.#.##..........#...#
.#.##...)......#.###
.#.##.........##.#
.#.#####....####.#
.#..........# #.#
.#######....# #.#
.#### #)...# #@#
.##.####....####.#
.................#
..............####
....##........#
....##........#
....##........#
).(...........#
....#.........#


There were no monsters in sight!

Vanquished Creatures
  A dart slug (D:1)
  A leopard gecko (D:1)
  A giant cockroach (D:1)
  A goblin (D:1)
  2 hobgoblins (D:1)
  4 jackals
  A kobold (D:1)
  3 bats (D:1)
  A rat (D:2)
15 creatures vanquished.

Notes
Turn   | Place    | Note
-------+----------+-------------------------------------------
     0 | D:1      | Gorglomux the Naga Venom Mage began the quest for the Orb.
     0 | D:1      | Reached XP level 1. HP: 15/15 MP: 3/3
    98 | D:1      | HP: 3/15 [kobold/dagger (4)]
   703 | D:1      | Reached XP level 2. HP: 22/22 MP: 5/5
   707 | D:1      | Learned a level 2 spell: Poisonous Vapours
  1276 | D:1      | Quit the game

Vault maps used:
D:1:      saegor_arrival_miasma
D:2:      minmay_diamond_boxcup, serial_glass, glass_columns_a, glass_columns_b,
          item_on_display_a

Action                   || total
-------------------------++-------
Melee: Dagger            ||     7
 Cast: Sting             ||    22
       Poisonous Vapours ||     1
 Abil: Spit Poison       ||     6
Armor: Robe              ||     4
Dodge: Dodged            ||    17

Vault maps used:
D:1:      saegor_arrival_miasma
D:2:      minmay_diamond_boxcup, serial_glass, glass_columns_a, glass_columns_b,
          item_on_display_a

Table legend:
 A = Turns spent in this place as a percentage of turns spent in the entire game.
 B = Non-inter-level travel turns spent in this place as a percentage of non-inter-level travel turns spent in the entire game.
 C = Inter-level travel turns spent in this place as a percentage of turns spent in this place.
 D = Turns resting spent in this place as a percentage of non-inter-level travel turns spent in this place.
 E = Turns spent auto-exploring this place as a percentage of non-inter-level travel turns spent in this place.
 F = Non-inter-level travel turns spent in this place divided by the number of levels of this place that you've seen.
                   A       B       C       D       E      F
               +-------+-------+-------+-------+-------+----------------------
         Total | 100.0 | 100.0 |   1.4 |  11.6 |  12.3 |  73.0
       Dungeon | 100.0 | 100.0 |   1.4 |  11.6 |  12.3 |  73.0
               +-------+-------+-------+-------+-------+----------------------

Table legend:
 A = Kills in this place as a percentage of kills in entire the game.
 B = Kills by you in this place as a percentage of kills by you in the entire game.
 C = Kills by friends in this place as a percentage of kills by friends in the entire game.
 D = Other kills in this place as a percentage of other kills in the entire game.
 E = Experience gained in this place as a percentage of experience gained in the entire game.
 F = Experience gained in this place divided by the number of levels of this place that you have seen.
                   A       B       C       D       E      F
               +-------+-------+-------+-------+-------+----------------------
         Total | 100.0 | 100.0 |  -nan |  -nan | 100.0 |  15.0
       Dungeon | 100.0 | 100.0 |  -nan |  -nan | 100.0 |  15.0
               +-------+-------+-------+-------+-------+----------------------
